 Dungeon Crawl Stone Soup version 0.31-a0-196-g86fe4a5e66 (webtiles) character file.

Game seed: 13878200583316640366

94 rabbitsville the Firebug (level 4, -2/33 HPs)
             Began as a Hill Orc Fire Elementalist on June 24, 2023.
             Slain by a gnoll
             ... wielding a +0 flail
              (10 damage)
             ... on level 2 of the Dungeon.
             The game lasted 00:05:02 (1343 turns).

rabbitsville the Firebug (HOFE)                     Turns: 1343, Time: 00:05:02

Health: -2/33      AC:  3    Str: 10    XL:     4   Next: 63%
Magic:  6/7        EV: 12    Int: 17    God:
Gold:   66         SH:  0    Dex: 11    Spells: 6/7 levels left

rFire   . . .        c - staff of death
rCold   . . .        (no shield)
rNeg    + . .        a - +0 robe
rPois   .            (no helmet)
rElec   .            (no cloak)
rCorr   .            e - +0 pair of gloves
SInv    .            (no boots)
Will    .....        (no amulet)
Stlth   ++           (no ring)
HPRegen 0.25/turn    (no ring)
MPRegen 0.10/turn

%: no passive effects
@: no status effects
A: no striking features
a: no special abilities


You were on level 2 of the Dungeon.
You visited 1 branch of the dungeon, and saw 2 of its levels.

You collected 66 gold pieces.

Inventory:

Armour
 a - a +0 robe (worn)
 e - a +0 pair of gloves (worn)
Magical Staves
 c - a staff of death (weapon)
Scrolls
 d - 2 scrolls of identify {unknown}
 f - a scroll of revelation {unknown}
 g - 2 scrolls of fear {unknown}
 h - a scroll of teleportation {unknown}
 j - a scroll of blinking {unknown}
Potions
 i - 2 potions of mutation {unknown}


   Skills:
 - Level 1.5 Dodging
 - Level 1.5 Stealth
 + Level 2.1 Spellcasting
 - Level 1.8 Conjurations
 * Level 1.8 Necromancy
 * Level 4.4 Fire Magic


You had 6 spell levels left.
You knew the following spells:

 Your Spells              Type           Power      Damage    Failure   Level
a - Foxfire               Conj/Fire      48%        2x1d6     5%          1

Your spell library contained the following spells:

 Spells                   Type           Power      Damage    Failure   Level
 Scorch                   Fire           32%        2d6       4%          2
 Necrotise                Necr           44%        1d6       9%          1
 Inner Flame              Hex/Fire       9%         N/A       22%         3
 Volatile Blastmotes      Fire/Tloc      18%        2d11      22%         3
 Vampiric Draining        Necr           11%        2d6       26%         3
 Flame Wave               Conj/Fire      12%        2d6       45%         4
 Agony                    Necr           11%        N/A       94%         5


Dungeon Overview and Level Annotations

Branches:
Dungeon (2/15)

Altars:


Message History

You kill the gnoll!
The foxfire hits the gnoll.
The gnoll is lightly wounded.
The foxfire hits the gnoll.
The gnoll is moderately wounded.
You conjure some foxfire!
The foxfire hits the gnoll.
The gnoll is severely wounded.
The foxfire hits the gnoll.
You kill the gnoll!
The foxfire hits the gnoll but does no damage.
The gnoll is lightly wounded.
You miscast Foxfire.
You are very lightly contaminated with residual magic.
Nothing appears to happen.
The gnoll throws a throwing net.
The throwing net misses you.
The gnoll throws a throwing net.
The throwing net hits you.
You become entangled in the net!
You see here a throwing net.
You struggle against the net.
You struggle against the net.
The gnoll hits you with a +0 flail.
You struggle against the net.
The gnoll hits you with a +0 flail!
Your magical contamination has completely faded away.
You shred the net and break free! The gnoll hits you with a +0 flail.
The gnoll misses you.
You conjure some foxfire!
The gnoll misses you.
You hit the gnoll.
The gnoll is moderately wounded.
The foxfire hits the gnoll.
The gnoll is heavily wounded.
The foxfire hits the gnoll.
The gnoll is severely wounded.
The gnoll hits you with a +0 flail!
* * * LOW HITPOINT WARNING * * *
The gnoll completely misses you. Magic courses through your body.
The gnoll misses you.
Casting: Foxfire (safe; 5% risk of failure)
Press: ? - help, Q - select action Dir - look around, f - activate You conjure some foxfire!
The gnoll hits you with a +0 flail!
You die...

##....#.##.## ...#.
............# #.....
........##..# .#...#
........###....######.....
........# .##..(..#...#
........## .# ###...†####
.........# .# ##..))...#
###..###.##.# ##v.#.....<#
#...## .##..###@g######..#
#.### .# #...v.## .# ..#
.# #####.# .## #.# ## #.#
################.####...
......................#
#######################


You could see a gnoll (ally target).

Vanquished Creatures
  3 gnolls
  2 adders (D:2)
  2 dart slugs
  3 ball pythons (D:1)
  4 bats
  3 endoplasms (D:1)
  A giant cockroach (D:1)
  3 goblins
  2 hobgoblins (D:2)
  4 jackals (D:1)
  4 frilled lizards (D:1)
  4 kobolds
  8 rats
43 creatures vanquished.

Vanquished Creatures (others)
  102 foxfires
102 creatures vanquished.

Grand Total: 145 creatures vanquished

Notes
Turn   | Place    | Note
-------+----------+-------------------------------------------
     0 | D:1      | rabbitsville the Hill Orc Fire Elementalist began the quest
                  | for the Orb.
     0 | D:1      | Reached XP level 1. HP: 14/14 MP: 3/3
   183 | D:1      | Reached XP level 2. HP: 20/20 MP: 0/4
   434 | D:1      | You fall into a shaft and drop 1 floor!
   479 | D:2      | Found a faded altar of an unknown god.
   488 | D:2      | Reached XP level 3. HP: 11/26 MP: 1/5
   657 | D:2      | Reached skill level 1 in Necromancy
   657 | D:2      | Reached skill level 4 in Fire Magic
   983 | D:1      | Reached XP level 4. HP: 33/33 MP: 0/7
  1343 | D:2      | Slain by a gnoll

Illustrated notes

Levels and vault maps discovered:
D:1:      sevenhm_arrival_forest_fort_large_2, layout_rooms,
          kennysheep_decorative_pillar
D:2:      layout_rooms, basic_ecumenical_altar, palyth_stone_intersect

Skill      XL: |  1  2  3 |
---------------+----------+-----
Necromancy     | 1 |  1.8
Fire Magic     | 4 |  4.4
Spellcasting   | 2 |  2.1
Dodging        | |  1.5
Stealth        | |  1.5
Conjurations   | |  1.8

Action                     |  1- 3 |  4- 6 || total
---------------------------+-------+-------++-------
  Melee: Staff             |    18 |    22 ||    40
   Cast: Foxfire           |    43 |    15 ||    58
    Use: Potion            |       |     1 ||     1
 Armour: Robe              |     4 |    16 ||    20
  Dodge: Dodged            |    15 |    44 ||    59

Table legend: (Time is in decaauts)
 A = Elapsed time spent in this place.
 B = Non-inter-level travel time spent in this place.
 C = Inter-level travel time spent in this place.
 D = Time resting spent in this place.
 E = Time spent auto-exploring this place.
 F = Levels seen in this place.
 G = Mean time per level.
                   A        B        C        D        E       F      G
               +--------+--------+--------+--------+--------+-----+--------+
         Total |   1351 |   1338 |     13 |     56 |    860 |   2 |  675.5 |
       Dungeon |   1351 |   1338 |     13 |     56 |    860 |   2 |  675.5 |
               +--------+--------+--------+--------+--------+-----+--------+

Top non-repeatable levels by time:
     D:1: 825 daAuts
     D:2: 525 daAuts
